Map: Abyssal Reef LE

Players

Yata

  • Race: Zerg Zerg
  • League: Platinum
  • Spawn Location: 11:00

Skoger - Winner!

  • Race: Zerg Zerg
  • League: Diamond
  • Spawn Location: 5:00

VOD

Have the link to the VOD?

Description

Time

  • Played on: Oct. 3, 2017, 10:32 p.m.
  • Length: 6:34
Show
View Real Time Build Order
Export as new Build Order

Yata Zerg 

Build Orders: Hatch First 

Get SALT Encoding   

  12  0:01  Drone  
  13  0:16  Overlord  
  13  0:24  Drone  
  14  0:35  Drone x2  
  16  0:38  Drone  
  18  0:57  Drone  
  18  0:59  Hatchery  
  18  1:00  Drone  
  18  1:11  Extractor  
  17  1:16  Spawning Pool  
  16  1:19  Drone  
  16  1:22  Drone  
  18  1:32  Drone  
  19  1:42  Overlord  
  19  1:53  Drone  
  20  2:03  Queen  
  22  2:10  Queen  
  22  2:11  Zergling x2  
  22  2:12  Zergling x2  
  22  2:14  Metabolic Boost  
  26  2:18  Overlord  
  26  2:36  Drone x3, Baneling Nest  
  28  2:45  Drone x2  
  28  2:48  Drone  
  28  2:49  Evolution Chamber  
  30  2:55  Drone  
  31  2:59  Overlord  
  31  3:06  Zergling x2  
  32  3:13  Zergling x2  
  32  3:14  Zergling x6  
  36  3:26  Zergling x10  
  40  3:28  Baneling  
  40  3:29  Baneling x2  
  40  3:34  Queen  
  40  3:49  Zergling x8  
  44  3:55  Zergling x4  
  42  4:14  Zergling x14  
  48  4:22  Baneling x2  
  48  4:23  Baneling x2  
  46  4:31  Zergling x2  
  46  4:32  Zergling x4  
  48  4:43  Zergling x4  
  45  4:47  Drone  
  44  5:00  Zergling x2  
  44  5:01  Zergling x4  
  44  5:06  Baneling  
  44  5:07  Baneling x3  
  45  5:10  Spore Crawler  
  45  5:13  Spine Crawler  
  43  5:19  Drone x3  
  46  5:23  Zergling x2  
  46  5:24  Zergling x4  
  46  5:27  Hatchery  
  38  5:42  Zergling x2  
  36  5:43  Zergling x6  
  37  5:55  Zergling x12  
  30  6:05  Drone x2  
Show
View Real Time Build Order
Export as new Build Order

Skoger Zerg - Winner!

Build Orders: Hatch First 

Get SALT Encoding   

  12  0:07  Overlord  
  12  0:12  Drone  
  13  0:17  Drone  
  14  0:26  Drone  
  15  0:35  Drone  
  16  0:41  Drone  
  17  1:02  Hatchery  
  16  1:12  Spawning Pool  
  16  1:15  Extractor  
  16  1:18  Drone x2  
  16  1:19  Drone  
  17  1:38  Drone  
  18  1:52  Hatchery  
  17  2:06  Baneling Nest  
  17  2:08  Drone x2  
  18  2:09  Drone  
  18  2:11  Extractor  
  19  2:16  Zergling x2  
  19  2:20  Zergling x2  
  21  2:26  Drone  
  22  2:32  Drone  
  23  2:41  Extractor  
  23  2:43  Drone x2  
  24  2:47  Spine Crawler  
  24  2:50  Drone  
  24  2:52  Drone  
  24  2:53  Metabolic Boost  
  24  2:58  Drone  
  26  3:02  Drone  
  26  3:05  Drone  
  28  3:08  Baneling x2  
  28  3:10  Zergling x2  
  29  3:15  Zergling x2  
  29  3:16  Zergling x2  
  30  3:31  Zergling x4  
  30  3:32  Zergling x2  
  33  3:35  Overlord  
  33  3:37  Overlord  
  33  3:44  Overlord  
  33  3:47  Queen  
  31  3:53  Zergling x8  
  35  3:56  Zergling x2  
  35  3:59  Zergling x2  
  35  4:00  Baneling x2  
  35  4:01  Baneling  
  34  4:15  Zergling x8  
  36  4:45  Zergling x2  
  32  4:46  Zergling x16  
  38  4:58  Zergling x2  
  39  5:01  Zergling x2  
  39  5:03  Zergling x8  
  39  5:05  Baneling  
  39  5:06  Baneling x4  
  44  5:09  Queen  
  46  5:22  Baneling x2  
  46  5:23  Baneling  
  46  5:25  Queen  
  42  5:37  Zergling x2  
  42  5:38  Zergling x16  
  48  5:50  Zergling x6  
  50  6:02  Zergling x10  
Tags
 
Add a new tag
Caveats
  • Supply blocks, unpowered buildings, or Contaminate may cause inaccurate times.
  • Supply counts are checked every 10 seconds.